 Dungeon Crawl Stone Soup version 0.20-a0-945-g3bf614a (webtiles) character file.

273 Lifeless the Skirmisher (level 6, -12/50 HPs)
             Began as a Human Wanderer on Apr 1, 2017.
             Mangled by an ogre
             ... wielding a cursed -1 giant club
              (15 damage)
             ... on level 5 of the Dungeon.
             The game lasted 00:20:05 (4843 turns).

Lifeless the Skirmisher (Human Wanderer)            Turns: 4843, Time: 00:20:06

Health: -12/50     AC:  8    Str: 13    XL:     6   Next: 48%
Magic:  6/6        EV:  9    Int: 12    God:
Gold:   167        SH:  0    Dex: 14    Spells: 5/5 levels left

rFire    . . .     SeeInvis .   u - +2 dagger (flame)
rCold    . . .     Gourm    +   (no shield)
rNeg     . . .     Faith    .   a - +2 scale mail
rPois    .         Spirit   .   (no helmet)
rElec    .         Reflect  .   (no cloak)
rCorr    .         Harm     .   (no gloves)
MR       .....                  (no boots)
Stlth    ..........             l - amulet of the gourmand
Regen    0.2/turn               (no ring)
MPRegen  0.1/turn               (no ring)

@: about to teleport
A: no striking features
a: no special abilities


You were on level 5 of the Dungeon.
You were not hungry.

You visited 2 branches of the dungeon, and saw 6 of its levels.

You collected 167 gold pieces.

Inventory:

Hand Weapons
 b - a +0 shortbow
 u - a +2 dagger of flaming (weapon)
Missiles
 c - 59 arrows
Armour
 a - a +2 scale mail (worn)
Jewellery
 d - an uncursed amulet of rage {unknown}
 l - an amulet of the gourmand (around neck)
 p - an uncursed ring of flight
Scrolls
 g - 2 scrolls of amnesia {unknown}
 j - 4 scrolls of identify
 k - a scroll of teleportation
 m - a scroll of enchant weapon {unknown}
 n - a scroll of noise {unknown}
 q - a scroll of remove curse {unknown}
 s - a scroll of blinking {unknown}
Potions
 e - a potion of curing
 h - a potion of magic {unknown}
 o - a potion of flight {unknown}
 r - a potion of haste {unknown}
Comestibles
 f - 4 bread rations
 i - 4 meat rations


   Skills:
 + Level 4.8 Fighting
 + Level 1.5 Short Blades
   Level 2.0 Axes
 + Level 4.1 Bows
 + Level 3.0 Armour
 + Level 0.6 Dodging
 + Level 1.1 Stealth
 + Level 1.0 Evocations


You had 5 spell levels left.
You didn't know any spells.

Dungeon Overview and Level Annotations

Branches:
Dungeon (5/15)             Temple (1/1) D:4

Altars:
Cheibriados
Elyvilon
Fedhas
Gozag
Hepliaklqana
Kikubaaqudgha
Makhleb
Nemelex Xobeh
Sif Muna
Trog
Uskayaw
Xom
Zin
The Shining One

Shops:
D:4 }

Annotations:
D:4 Pikel


Message History

The crimson imp hits you but does no damage.
You hit the ogre. You burn the ogre.
The ogre is heavily wounded.
The ogre barely misses you.
You hit the ogre. You burn the ogre.
The ogre is severely wounded.
The crimson imp sputters.
The crimson imp closely misses you.
You barely miss the ogre.
The ogre is severely wounded.
The crimson imp closely misses you. The ogre hits you with a giant club!!
You hit the ogre. You burn the ogre.
The ogre is almost dead.
The crimson imp barely misses you. The ogre hits you with a giant club!!
* * * LOW HITPOINT WARNING * * *
The ogre closely misses you.
As you read the scroll of teleportation, it crumbles to dust.
You feel strangely unstable.
The crimson imp blinks!
The ogre hits you with a giant club!
You die...

.... .§. . ..## ..
.(# # ...
###.###..##
....####<(....$...
................##
##....OO#......#
#....@.#..#..##
....[...§...#..#
###?.5.........#
#......####.##
......?.$ .#
#####...### #
#...# #...#


You could see 2 ogres and a crimson imp.

Vanquished Creatures
  A scorpion (D:4)
  An iguana (D:4)
  2 worker ants (D:4)
  6 adders
  An adder zombie (D:5)
  An ooze (D:4)
  6 worms
  3 dart slugs
  3 leopard geckos
  2 orcs (D:3)
  2 giant cockroaches
  6 goblins
  3 hobgoblins
  A quokka (D:2)
  7 bats
  14 frilled lizards
  8 kobolds
  8 rats
75 creatures vanquished.

Notes
Turn   | Place    | Note
-------+----------+-------------------------------------------
     0 | D:1      | Lifeless the Human Wanderer began the quest for the Orb.
     0 | D:1      | Lifeless set off with: a +2 scale mail, a +0 shortbow, 25 arrows, a potion of lignification, a bread ration
     0 | D:1      | Reached XP level 1. HP: 19/19 MP: 1/1
    97 | D:1      | Reached XP level 2. HP: 25/25 MP: 2/2
   394 | D:1      | Reached XP level 3. HP: 31/31 MP: 3/3
   400 | D:1      | Reached skill level 1 in Bows
  1269 | D:2      | Found a shimmering altar of Xom.
  1303 | D:2      | Reached XP level 4. HP: 38/38 MP: 4/4
  1483 | D:2      | Found a deep blue altar of Sif Muna.
  1485 | D:2      | Found a glowing silver altar of Zin.
  1577 | D:2      | Found a faded altar of an unknown god.
  2362 | D:3      | Reached XP level 5. HP: 43/43 MP: 5/5
  2562 | D:3      | Found a snail-covered altar of Cheibriados.
  3380 | D:4      | HP: 3/64 [poisoned by a scorpion]
  3385 | D:4      | Reached skill level 1 in Short Blades
  3385 | D:4      | Reached XP level 6. HP: 11/49 MP: 6/6
  3969 | D:4      | Found a staircase to the Ecumenical Temple.
  3994 | Temple   | Entered the Ecumenical Temple
  4293 | D:4      | Noticed a slave
  4293 | D:4      | Noticed a slave
  4294 | D:4      | Noticed Pikel
  4294 | D:4      | Noticed a slave
  4294 | D:4      | Noticed a slave
  4594 | D:4      | Found Ilud's Gadget Boutique.
  4811 | D:5      | Entered Level 5 of the Dungeon
  4829 | D:5      | Noticed an ogre
  4838 | D:5      | Noticed an ogre
  4843 | D:5      | Mangled by an ogre

Vault maps used:
D:1:      dpeg_arrival_tiny_c, minmay_lizard_king
D:2:      grunt_temple_overflow_open, xom_teletrap_fun, serial_forest,
          infiniplex_forest_lined_1, infiniplex_forest_split,
          infiniplex_forest_diagonal, infiniplex_forest_end_double,
          infiniplex_forest_straight_3, first_bread,
          chequers_ecumenical_altar_grove, kennysheep_cross_bottleneck
D:3:      lemuel_doored_altar, hangedman_decor_clover_reticule
D:4:      minmay_temple_entry_butterflies, serial_shops, shop, uniq_pikel
D:5:      grunt_ministairs_2, uniq_blork_the_orc, uniq_edmund
Temple:   jpeg_temple_alley_garden

Skill      XL: |  1  2  3  4  5  6 |
---------------+-------------------+-----
Bows           | 2 3 4 |  4.1
Short Blades   | 1 |  1.5
Armour         | 3 |  3.0
Fighting       | |  4.8
Axes           | |  2.0
Dodging        | |  0.6
Stealth        | |  1.1
Evocations     | |  1.0

Action                   |  1- 3 |  4- 6 || total
-------------------------+-------+-------++-------
Melee: Unarmed           |     5 |       ||     5
       Shortbow          |     2 |       ||     2
       Short sword       |       |    21 ||    21
       Dagger            |       |   116 ||   116
 Fire: Shortbow          |   125 |   108 ||   233
  Use: Scroll            |       |     6 ||     6
       Potion            |       |     4 ||     4
  Eat: Chunk             |     1 |     1 ||     2
       Bread ration      |       |     2 ||     2
       Royal jelly       |       |     1 ||     1
Armor: Scale mail        |    28 |    55 ||    83
       Skin              |       |     5 ||     5
Dodge: Dodged            |    31 |    67 ||    98
